Map: Luxuriance EC (Void)

Players

McNasty - Winner!

  • Race: Terran Terran
  • League: Master
  • Spawn Location: 1:00

Florencio

  • Race: Protoss Protoss
  • League: Diamond
  • Spawn Location: 7:00

VOD

Have the link to the VOD?

Description

Time

  • Played on: Dec. 17, 2016, 6:27 p.m.
  • Length: 32:57
Show
View Real Time Build Order
Export as new Build Order

McNasty Terran - Winner!

Build Orders: Liberator Opening, Mech 

Get SALT Encoding   

  12  0:01  SCV  
  13  0:13  SCV  
  14  0:17  Supply Depot  
  14  0:25  SCV  
  15  0:39  SCV  
  15  0:40  Barracks  
  16  0:43  Refinery  
  16  0:51  SCV  
  17  1:03  SCV  
  18  1:15  SCV  
  19  1:30  Bunker  
  19  1:31  Orbital Command  
  19  1:38  Marine  
  20  1:52  Factory  
  20  1:53  Supply Depot  
  20  1:55  Marine  
  20  1:59  SCV  
  22  2:12  Supply Depot  
  22  2:15  Marine  
  23  2:20  Supply Depot  
  23  2:34  SCV  
  24  2:37  Factory Tech Lab  
  24  2:38  Starport  
  24  2:50  Command Center  
  24  2:53  Refinery  
  24  2:56  Widow Mine  
  26  3:14  SCV, Liberator  
  30  3:53  Command Center  
  30  3:56  Siege Tank  
  30  4:00  SCV  
  30  4:01  Orbital Command  
  34  4:12  SCV  
  35  4:23  Marine  
  36  4:24  SCV  
  36  4:26  Starport Reactor  
  36  4:27  Orbital Command  
  36  4:28  Siege Tank  
  40  4:31  Bunker  
  40  4:36  SCV  
  41  4:42  Refinery  
  41  4:43  Refinery  
  41  4:49  SCV  
  42  4:54  SCV  
  43  5:00  Siege Tank  
  43  5:01  SCV  
  43  5:07  SCV  
  48  5:10  Supply Depot  
  48  5:12  Orbital Command  
  48  5:13  SCV  
  49  5:24  SCV  
  49  5:25  SCV  
  51  5:32  Siege Tank  
  54  5:37  SCV x2  
  54  5:38  SCV  
  57  5:49  SCV  
  59  5:50  SCV x2  
  59  5:56  Supply Depot  
  60  5:57  Supply Depot  
  60  5:58  Supply Depot  
  60  6:01  SCV  
  60  6:02  SCV x2  
  63  6:14  SCV x3  
  63  6:22  Barracks Tech Lab  
  63  6:26  SCV, Factory  
  63  6:27  Engineering Bay  
  64  6:37  SCV x2  
  64  6:38  SCV  
  67  6:50  Factory  
  67  6:51  Factory  
  67  6:52  SCV x3  
  70  6:55  Missile Turret  
  70  7:02  Missile Turret  
  70  7:03  Missile Turret  
  70  7:04  Missile Turret x2  
  70  7:07  Missile Turret  
  70  7:08  SCV x3  
  73  7:11  Missile Turret  
  73  7:12  Missile Turret  
  73  7:13  Missile Turret x2  
  73  7:18  Missile Turret  
  73  7:20  SCV  
  74  7:36  Siege Tank, Widow Mine x2  
  81  7:39  Factory Reactor  
  81  7:43  Starport Tech Lab  
  81  7:46  Hi-Sec Auto Tracking  
  81  7:51  Missile Turret  
  81  8:03  Missile Turret  
  81  8:04  Supply Depot, Siege Tank  
  84  8:05  SCV  
  84  8:06  SCV  
  84  8:07  Supply Depot  
  84  8:10  Supply Depot  
  86  8:18  SCV  
  86  8:19  Supply Depot x2  
  87  8:20  Supply Depot  
  87  8:27  Widow Mine  
  87  8:28  Widow Mine x3  
  87  8:31  Refinery  
  87  8:32  Supply Depot, Engineering Bay  
  87  8:33  Orbital Command, Command Center  
  95  8:34  Refinery, Supply Depot  
  96  8:41  SCV  
  96  8:42  Siege Tank x2  
  102  8:59  Widow Mine x2  
  102  9:00  Widow Mine x2  
  107  9:04  Missile Turret  
  107  9:05  Missile Turret  
  107  9:13  Widow Mine  
  105  9:29  Widow Mine x3  
  105  9:30  Widow Mine x2  
  115  9:35  Orbital Command  
  115  9:36  Armory  
  110  9:58  Missile Turret  
  110  9:59  Missile Turret  
  110  10:04  Missile Turret x3  
  109  10:11  Missile Turret x2  
  109  10:12  Missile Turret  
  105  10:27  Thor  
  111  10:30  Drilling Claws  
  108  10:36  Starport  
  108  10:37  Fusion Core, Starport x2  
  108  10:42  Widow Mine x4  
  116  10:55  Supply Depot  
  116  10:56  Supply Depot  
  114  10:59  Supply Depot  
  114  11:00  Supply Depot, Terran Ship Weapons Level 1  
  114  11:14  Building Armor  
  114  11:16  Missile Turret  
  114  11:17  Supply Depot  
  114  11:18  Starport Tech Lab  
  114  11:19  Supply Depot x2, Starport Tech Lab  
  114  11:20  Starport Tech Lab  
  101  11:46  SCV x3  
  90  11:58  SCV x3  
  82  12:10  SCV x3, Battlecruiser x2  
  99  12:17  Battlecruiser  
  99  12:22  SCV x3  
  105  12:23  Widow Mine x2  
  105  12:24  Widow Mine  
  112  12:33  Refinery  
  112  12:34  SCV  
  112  12:35  SCV x2, Missile Turret  
  115  12:37  Missile Turret  
  115  12:46  SCV  
  115  12:47  SCV, Weapon Refit  
  115  12:51  Battlecruiser  
  123  13:14  Battlecruiser  
  123  13:18  Command Center  
  129  13:31  Battlecruiser  
  135  13:40  Terran Ship Weapons Level 2  
  135  13:43  Battlecruiser  
  141  14:01  Battlecruiser  
  147  14:19  Battlecruiser  
  153  14:24  Missile Turret  
  153  14:26  Missile Turret  
  153  14:27  Missile Turret  
  124  15:09  Battlecruiser  
  124  15:10  Battlecruiser x2, Widow Mine x3  
  142  15:26  Battlecruiser  
  148  15:30  Refinery  
  148  15:34  Refinery  
  148  15:38  Widow Mine  
  150  16:07  Terran Vehicle And Ship Armor Level 1  
  150  16:14  Battlecruiser  
  147  16:41  Battlecruiser  
  149  16:53  SCV x2  
  133  17:05  SCV  
  133  17:06  SCV  
  135  17:17  SCV  
  135  17:18  SCV, Battlecruiser  
  143  17:29  SCV  
  144  17:30  SCV  
  144  17:36  Refinery  
  145  17:41  Orbital Command  
  145  17:42  SCV x2  
  147  17:58  Battlecruiser  
  150  18:44  Refinery  
  124  19:31  Viking x2  
  126  20:24  Hellion x3  
  126  20:38  SCV x3  
  129  20:45  Hellion  
  129  20:46  Hellion x2  
  135  20:50  SCV x3  
  138  21:02  SCV  
  119  22:44  Command Center  
  119  22:46  Barracks  
  119  23:09  Terran Vehicle And Ship Armor Level 2  
  85  23:49  Missile Turret  
  85  23:53  Missile Turret x2  
  85  23:54  Missile Turret  
  85  23:55  Missile Turret x2  
  85  23:57  Missile Turret  
  85  23:59  Missile Turret  
  85  24:02  Factory  
  85  24:03  Factory  
  85  24:04  Factory x3  
  85  24:05  Factory  
  85  24:08  Missile Turret, Factory  
  85  24:09  Missile Turret  
  76  24:36  Refinery  
  76  24:38  Refinery  
  76  24:55  Widow Mine x7  
  90  25:19  SCV x3  
  93  25:23  Widow Mine x3  
  93  25:24  Widow Mine x4  
  107  25:31  SCV x2  
  109  25:52  Widow Mine x7  
  123  26:10  Missile Turret  
  123  26:11  Missile Turret  
  123  26:12  Missile Turret  
  123  26:14  Missile Turret  
  123  26:15  Missile Turret  
  123  26:18  Missile Turret  
  123  26:19  Missile Turret  
  123  26:20  Orbital Command, Widow Mine  
  123  26:21  Widow Mine x2  
  123  26:22  Missile Turret  
  123  26:23  Missile Turret  
  129  26:34  Refinery  
  129  26:35  Missile Turret  
  129  26:36  Refinery  
  113  27:16  Widow Mine x3  
  113  27:17  Widow Mine x4  
  125  27:34  Orbital Command  
  125  27:45  Widow Mine x4  
  127  28:03  Supply Depot  
  127  28:14  Supply Depot  
  127  28:16  Supply Depot  
  127  28:18  Supply Depot x2  
  122  28:37  Widow Mine  
  124  29:03  Refinery  
  124  29:09  Supply Depot x2  
  124  29:10  Supply Depot x4  
  124  29:11  Supply Depot  
  124  29:17  Widow Mine x2  
  124  29:18  Widow Mine  
  124  29:19  Widow Mine  
  124  29:20  Widow Mine  
  124  29:30  Widow Mine x2  
  102  29:46  Widow Mine x2  
  102  29:48  Widow Mine  
  100  29:58  SCV  
  100  29:59  SCV x2, Widow Mine x3  
  107  30:00  Widow Mine  
  111  30:14  Widow Mine  
  111  30:15  Widow Mine  
  111  30:17  Widow Mine  
  99  30:27  Widow Mine x2  
  99  30:28  Widow Mine x2  
  90  31:02  Cyclone x4  
  102  31:35  Cyclone  
  102  31:36  Cyclone x2  
  111  31:51  Cyclone x3  
  120  32:00  SCV  
  120  32:01  SCV  
  122  32:08  Orbital Command  
  122  32:13  SCV x2  
  124  32:24  Cyclone x3  
  124  32:25  SCV x2  
Show
View Real Time Build Order
Export as new Build Order

Florencio Protoss 

Build Orders:  

Get SALT Encoding   

  12  0:00  Probe (Chrono Boost)  
  13  0:11  Probe (Chrono Boost)  
  14  0:22  Pylon, Probe (Chrono Boost)  
  15  0:41  Probe (Chrono Boost)  
  15  0:42  Forge  
  16  0:51  Probe (Chrono Boost)  
  17  0:57  Pylon  
  17  1:02  Probe (Chrono Boost)  
  18  1:15  Pylon  
  18  1:20  Photon Cannon  
  18  1:22  Photon Cannon  
  18  1:31  Probe (Chrono Boost)  
  19  1:42  Probe (Chrono Boost)  
  20  1:54  Probe (Chrono Boost)  
  20  2:00  Nexus  
  21  2:09  Assimilator  
  21  2:14  Gateway  
  21  2:20  Assimilator  
  21  2:28  Probe (Chrono Boost)  
  22  2:38  Probe (Chrono Boost)  
  23  2:47  Pylon  
  23  2:49  Probe (Chrono Boost)  
  24  2:51  Pylon  
  24  2:59  Probe (Chrono Boost)  
  24  3:01  Cybernetics Core  
  25  3:10  Probe (Chrono Boost)  
  25  3:16  Photon Cannon  
  25  3:19  Assimilator  
  25  3:21  Probe (Chrono Boost)  
  25  3:24  Assimilator  
  25  3:26  Pylon  
  26  3:33  Photon Cannon  
  26  3:35  Probe (Chrono Boost)  
  27  3:46  Probe (Chrono Boost)  
  27  3:47  Adept  
  30  3:57  Robotics Facility  
  30  3:59  Probe (Chrono Boost)  
  30  4:01  Probe (Chrono Boost)  
  33  4:10  Probe (Chrono Boost)  
  33  4:11  Probe (Chrono Boost)  
  33  4:15  Pylon  
  34  4:20  Probe (Chrono Boost)  
  34  4:23  Adept  
  37  4:28  Photon Cannon  
  37  4:31  Probe (Chrono Boost)  
  38  4:36  Probe (Chrono Boost)  
  39  4:40  Pylon  
  39  4:41  Probe (Chrono Boost)  
  40  4:46  Observer  
  40  4:50  Robotics Bay  
  41  4:59  Mothership Core (Chrono Boost)  
  42  5:15  Pylon  
  42  5:20  Pylon  
  41  5:24  Probe (Chrono Boost)  
  41  5:28  Probe (Chrono Boost)  
  42  5:33  Pylon  
  42  5:40  Stalker  
  50  5:50  Pylon  
  50  5:59  Probe (Chrono Boost)  
  51  6:10  Probe (Chrono Boost)  
  51  6:12  Photon Cannon  
  51  6:14  Probe (Chrono Boost)  
  52  6:20  Adept  
  52  6:24  Stargate  
  52  6:25  Probe (Chrono Boost)  
  49  6:34  Stargate  
  49  6:36  Stargate  
  49  6:39  Pylon x2  
  49  6:45  Nexus  
  49  6:53  Probe (Chrono Boost)  
  50  6:55  Probe (Chrono Boost)  
  51  7:04  Probe (Chrono Boost)  
  51  7:05  Probe (Chrono Boost)  
  53  7:12  Pylon  
  53  7:14  Pylon, Probe (Chrono Boost)  
  54  7:18  Fleet Beacon  
  54  7:24  Void Ray  
  58  7:30  Probe x2 (Chrono Boost)  
  60  7:37  Assimilator  
  60  7:41  Assimilator  
  60  7:42  Void Ray  
  64  7:51  Void Ray  
  68  8:14  Probe x2 (Chrono Boost)  
  68  8:17  Carrier  
  76  8:24  Probe (Chrono Boost)  
  76  8:26  Probe (Chrono Boost)  
  78  8:34  Carrier  
  78  8:39  Carrier  
  84  8:48  Pylon  
  84  8:50  Photon Cannon  
  89  9:34  Probe (Chrono Boost)  
  90  9:40  Photon Cannon  
  90  9:41  Observer  
  90  9:43  Photon Cannon, Carrier  
  90  9:45  Probe (Chrono Boost)  
  98  9:54  Carrier  
  98  10:00  Carrier  
  110  10:13  Stargate  
  110  10:15  Stargate, Graviton Catapult  
  110  10:16  Stargate  
  110  10:47  Probe (Chrono Boost)  
  111  11:03  Carrier x2  
  123  11:08  Carrier  
  123  11:09  Photon Cannon, Carrier  
  135  11:26  Carrier  
  132  12:12  Observer  
  132  12:14  Carrier  
  145  12:28  Carrier  
  151  12:32  Nexus  
  151  12:33  Observer  
  151  12:35  Pylon, Photon Cannon  
  152  12:38  Carrier  
  152  12:40  Photon Cannon  
  152  12:44  Pylon  
  152  12:47  Assimilator  
  152  12:49  Carrier  
  152  12:51  Assimilator  
  164  13:25  Nexus  
  164  13:27  Pylon  
  164  13:29  Pylon  
  164  13:46  Carrier x3  
  162  14:54  Carrier  
  154  15:05  Carrier  
  154  15:06  Carrier  
  166  15:12  Carrier  
  162  15:22  Probe (Chrono Boost)  
  162  15:23  Mothership Core (Chrono Boost)  
  162  15:24  Probe (Chrono Boost)  
  164  15:33  Probe (Chrono Boost), Void Ray x2  
  164  15:35  Probe (Chrono Boost)  
  174  15:43  Probe (Chrono Boost)  
  174  15:45  Probe (Chrono Boost)  
  176  15:54  Probe (Chrono Boost)  
  176  15:56  Probe (Chrono Boost)  
  178  16:04  Probe (Chrono Boost)  
  179  16:14  Void Ray  
  179  16:15  Void Ray x2  
  191  16:31  Void Ray  
  191  16:32  Void Ray  
  169  17:28  Void Ray  
  169  17:32  Void Ray x3  
  189  17:37  Void Ray  
  193  17:58  Assimilator  
  195  18:00  Photon Cannon  
  195  18:01  Photon Cannon  
  195  18:02  Assimilator  
  195  18:03  Photon Cannon  
  195  18:06  Photon Cannon  
  195  18:18  Pylon  
  193  18:38  Pylon  
  191  19:08  Observer, Void Ray x3  
  150  19:26  Void Ray  
  150  19:29  Observer  
  151  19:32  Void Ray x2  
  163  19:44  Photon Cannon  
  163  19:46  Photon Cannon  
  163  21:01  Nexus  
  163  21:51  Stargate  
  163  21:53  Stargate  
  163  21:54  Stargate  
  163  21:59  Stargate  
  163  22:02  Pylon  
  163  22:05  Pylon  
  163  22:06  Pylon  
  139  22:38  Nexus  
  139  22:42  Pylon  
  139  22:45  Pylon  
  139  22:46  Photon Cannon  
  139  22:48  Photon Cannon  
  139  22:49  Photon Cannon x2  
  139  22:50  Photon Cannon, Probe (Chrono Boost)  
  140  22:54  Photon Cannon, Pylon  
  140  22:55  Photon Cannon  
  140  22:56  Photon Cannon  
  140  22:57  Photon Cannon  
  140  22:58  Pylon  
  140  23:19  Void Ray  
  112  23:57  Probe (Chrono Boost)  
  112  23:58  Probe (Chrono Boost)  
  112  24:01  Assimilator  
  114  24:06  Assimilator  
  114  24:07  Pylon  
  114  24:08  Probe x2 (Chrono Boost)  
  112  24:19  Probe (Chrono Boost)  
  108  24:29  Probe (Chrono Boost)  
  108  24:37  Probe (Chrono Boost)  
  109  24:38  Void Ray x2  
  109  24:40  Probe (Chrono Boost)  
  118  24:50  Probe (Chrono Boost)  
  119  24:53  Probe (Chrono Boost)  
  119  24:59  Void Ray  
  124  25:01  Mothership Core (Chrono Boost)  
  124  25:04  Probe (Chrono Boost)  
  127  25:11  Void Ray  
  131  25:14  Probe (Chrono Boost)  
  132  25:22  Nexus  
  132  25:25  Pylon, Void Ray  
  132  25:27  Pylon  
  136  25:44  Void Ray  
  140  26:02  Void Ray  
  144  26:20  Nexus  
  144  26:23  Void Ray  
  144  26:24  Void Ray  
  134  27:20  Void Ray x3  
  146  27:28  Robotics Facility  
  121  28:44  Observer  
  122  28:50  Pylon  
  122  28:56  Void Ray x4  
  138  29:06  Observer  
  139  29:10  Probe (Chrono Boost)  
  118  29:39  Void Ray x2  
  121  30:09  Observer  
  52  31:02  Robotics Facility  
  53  31:04  Observer  
  53  31:05  Robotics Bay  
  53  31:07  Robotics Facility  
  54  31:25  Observer  
  54  31:35  Probe (Chrono Boost)  
  55  31:45  Probe (Chrono Boost)  
  56  31:53  Colossus  
  74  32:13  Void Ray  
  74  32:14  Void Ray  
Tags
 
Add a new tag
Caveats
  • Supply blocks, unpowered buildings, or Contaminate may cause inaccurate times.
  • Supply counts are checked every 10 seconds.